[ AOE2 MATCH · #507090642 ]
UnrankedMapuche vs Wu
Player's team · LOSS
Rival team · WIN
[ REPLAY ANALYSIS · EXTRACTED FROM THE RECORDED GAME ]
Feudal
10:56
Castle
20:16
Imperial
—
| APM avg | 94.6 |
| APM peak | 135 |
| eAPM avg | 46.9 |
| Villagers / military | 78 / 28 |
Focus
⚔️ 66.3% · 🌾 33.7%
Skirmisher ×15 · Unknown (2550) ×8 · Archer ×6 · Bolas Rider ×6 · Spearman ×1
Feudal
10:40
Castle
21:05
Imperial
—
| APM avg | 75.5 |
| APM peak | 112 |
| eAPM avg | 23.4 |
| Villagers / military | 49 / 31 |
Focus
⚔️ 47.2% · 🌾 52.8%
Archer ×24 · Militia ×7
Match map
Initial resources + every placement click. Lines = walls · curves = elevation contours. ◆ gold · ⬟ stone · ● berries · ✦ relic · ◌ wall gap
Your base· Open — 4t gap
Macluffy's base· Open — 5t gap
Smoothed initial terrain · ◌ = detected wall gap · hover for details
Inputs per minute
— Shulk - - Macluffy
Build order — Shulk
First 150 of 182 actions detected
| 0:00 | Queue | Villager (Male) |
| 0:01 | Queue | Villager (Male) |
| 0:01 | Queue | Villager (Male) |
| 0:01 | Queue | Villager (Male) |
| 0:02 | Build | House |
| 0:03 | Build | House |
| 1:24 | Queue | Villager (Male) |
| 1:48 | Build | Settlement |
| 2:00 | Queue | Villager (Male) |
| 2:15 | Queue | Villager (Male) |
| 2:45 | Queue | Villager (Male) |
| 3:05 | Queue | Villager (Male) |
| 3:38 | Queue | Villager (Male) |
| 3:38 | Queue | Villager (Male) |
| 3:54 | Queue | Villager (Male) |
| 4:27 | Build | Barracks |
| 4:33 | Queue | Villager (Male) |
| 4:33 | Queue | Villager (Male) |
| 4:45 | Build | House |
| 4:53 | Queue | Villager (Male) |
| 4:53 | Queue | Villager (Male) |
| 5:16 | Queue | Villager (Male) |
| 5:16 | Queue | Villager (Male) |
| 5:25 | Queue | Unit 2550 |
| 5:50 | Queue | Villager (Male) |
| 5:51 | Queue | Unit 2550 |
| 6:07 | Queue | Villager (Male) |
| 6:14 | Build | Settlement |
| 6:24 | Queue | Villager (Male) |
| 6:26 | Queue | Villager (Male) |
| 6:52 | Research | Loom |
| 6:56 | Queue | Villager (Male) |
| 7:02 | Build | Palisade Wall |
| 7:03 | Build | Palisade Wall |
| 7:05 | Build | Palisade Wall |
| 7:28 | Queue | Villager (Male) |
| 7:40 | Queue | Villager (Male) |
| 7:48 | Queue | Villager (Male) |
| 7:59 | Build | Settlement |
| 7:59 | Queue | Villager (Male) |
| 8:06 | Queue | Villager (Male) |
| 8:37 | Research | Feudal Age |
| 9:09 | Build | Palisade Wall |
| 9:12 | Build | Palisade Wall |
| 9:13 | Queue | Villager (Male) |
| 9:20 | Queue | Unit 2550 |
| 9:20 | Queue | Unit 2550 |
| 9:24 | Build | House |
| 9:27 | Build | Farm |
| 9:27 | Build | Farm |
| 9:42 | Queue | Villager (Male) |
| 9:52 | Build | Palisade Wall |
| 9:55 | Queue | Villager (Male) |
| 10:03 | Queue | Unit 2550 |
| 10:08 | Queue | Villager (Male) |
| 10:15 | Queue | Villager (Male) |
| 10:18 | Build | Palisade Wall |
| 10:19 | Build | Palisade Wall |
| 10:37 | Queue | Villager (Male) |
| 10:54 | Queue | Villager (Male) |
| 10:56 | Age | Feudal Age |
| 10:57 | Build | Archery Range |
| 11:01 | Research | Tech 1402 |
| 11:02 | Queue | Villager (Male) |
| 11:06 | Queue | Spearman |
| 11:09 | Research | Double-Bit Axe |
| 11:12 | Queue | Skirmisher |
| 11:13 | Queue | Skirmisher |
| 11:13 | Queue | Skirmisher |
| 11:22 | Build | Farm |
| 11:32 | Queue | Villager (Male) |
| 11:38 | Queue | Villager (Male) |
| 11:54 | Queue | Archer |
| 12:04 | Build | Farm |
| 12:05 | Build | Farm |
| 12:14 | Queue | Villager (Male) |
| 12:16 | Build | Farm |
| 12:22 | Queue | Villager (Male) |
| 12:25 | Build | Farm |
| 12:25 | Queue | Archer |
| 12:38 | Build | House |
| 12:43 | Queue | Villager (Male) |
| 12:53 | Queue | Villager (Male) |
| 12:58 | Build | Farm |
| 13:00 | Queue | Archer |
| 13:07 | Build | Farm |
| 13:07 | Queue | Villager (Male) |
| 13:17 | Build | House |
| 13:19 | Queue | Villager (Male) |
| 13:23 | Queue | Archer |
| 13:34 | Queue | Villager (Male) |
| 13:48 | Queue | Villager (Male) |
| 14:00 | Build | Blacksmith |
| 14:06 | Queue | Villager (Male) |
| 14:10 | Queue | Archer |
| 14:23 | Queue | Villager (Male) |
| 14:24 | Build | Farm |
| 14:33 | Queue | Villager (Male) |
| 14:35 | Build | House |
| 14:36 | Build | Palisade Wall |
| 14:49 | Research | Padded Archer Armor |
| 14:49 | Research | Fletching |
| 14:55 | Research | Scale Mail Armor |
| 15:03 | Queue | Villager (Male) |
| 15:09 | Build | Farm |
| 15:18 | Queue | Villager (Male) |
| 15:25 | Queue | Villager (Male) |
| 15:30 | Build | Market |
| 15:36 | Queue | Villager (Male) |
| 15:51 | Queue | Villager (Male) |
| 15:57 | Build | Farm |
| 16:00 | Queue | Villager (Male) |
| 16:10 | Queue | Unit 2550 |
| 16:14 | Build | Farm |
| 16:15 | Queue | Villager (Male) |
| 16:18 | Build | Farm |
| 16:26 | Queue | Unit 2550 |
| 16:53 | Build | House |
| 16:57 | Queue | Villager (Male) |
| 16:58 | Queue | Villager (Male) |
| 17:04 | Queue | Villager (Male) |
| 17:32 | Research | Castle Age |
| 17:49 | Queue | Skirmisher |
| 17:52 | Build | Archery Range |
| 18:09 | Queue | Villager (Male) |
| 18:24 | Queue | Unit 2550 |
| 18:33 | Queue | Archer |
| 18:43 | Queue | Villager (Male) |
| 18:54 | Queue | Villager (Male) |
| 19:01 | Queue | Villager (Male) |
| 19:17 | Build | Archery Range |
| 19:18 | Queue | Villager (Male) |
| 19:28 | Queue | Skirmisher |
| 19:29 | Queue | Skirmisher |
| 19:42 | Queue | Villager (Male) |
| 19:45 | Build | Archery Range |
| 19:53 | Queue | Skirmisher |
| 19:58 | Research | Padded Archer Armor |
| 20:04 | Queue | Skirmisher |
| 20:13 | Build | Farm |
| 20:16 | Age | Castle Age |
| 20:16 | Build | Farm |
| 20:23 | Queue | Bolas Rider |
| 20:23 | Queue | Bolas Rider |
| 20:23 | Queue | Bolas Rider |
| 20:23 | Queue | Bolas Rider |
| 20:24 | Queue | Villager (Male) |
| 20:27 | Queue | Villager (Male) |
| 20:30 | Queue | Bolas Rider |
| 20:30 | Queue | Bolas Rider |
Build order — Macluffy
First 150 of 160 actions detected
| 0:01 | Queue | Villager (Male) |
| 0:02 | Build | House |
| 0:03 | Build | House |
| 0:05 | Queue | Villager (Male) |
| 0:09 | Queue | Villager (Male) |
| 0:14 | Queue | Villager (Male) |
| 1:22 | Queue | Villager (Male) |
| 1:53 | Build | Lumber Camp |
| 1:55 | Queue | Villager (Male) |
| 2:09 | Queue | Villager (Male) |
| 2:43 | Queue | Villager (Male) |
| 2:59 | Queue | Villager (Male) |
| 3:39 | Queue | Villager (Male) |
| 4:02 | Build | House |
| 4:04 | Queue | Villager (Male) |
| 4:09 | Queue | Villager (Male) |
| 4:36 | Build | Barracks |
| 4:52 | Queue | Villager (Male) |
| 4:53 | Queue | Villager (Male) |
| 5:08 | Build | House |
| 5:10 | Build | Palisade Wall |
| 5:14 | Build | Palisade Wall |
| 5:30 | Queue | Militia |
| 5:30 | Queue | Militia |
| 5:46 | Queue | Militia |
| 5:48 | Queue | Villager (Male) |
| 6:12 | Build | Mill |
| 6:15 | Queue | Villager (Male) |
| 6:34 | Build | Palisade Wall |
| 6:40 | Queue | Villager (Male) |
| 6:43 | Build | Palisade Wall |
| 6:45 | Build | House |
| 6:59 | Queue | Villager (Male) |
| 7:01 | Queue | Villager (Male) |
| 7:11 | Build | Palisade Wall |
| 7:12 | Build | Palisade Wall |
| 7:18 | Queue | Villager (Male) |
| 7:20 | Build | Palisade Wall |
| 7:21 | Build | Palisade Wall |
| 7:21 | Build | Palisade Wall |
| 7:21 | Build | Palisade Wall |
| 7:33 | Build | Palisade Wall |
| 7:55 | Research | Loom |
| 8:30 | Research | Feudal Age |
| 8:48 | Build | Mining Camp |
| 9:01 | Build | Palisade Wall |
| 9:05 | Build | Palisade Wall |
| 9:06 | Build | Palisade Wall |
| 9:06 | Build | Palisade Wall |
| 9:07 | Build | Palisade Wall |
| 9:11 | Build | Palisade Wall |
| 9:27 | Build | House |
| 9:34 | Queue | Villager (Male) |
| 9:47 | Build | Palisade Wall |
| 9:51 | Queue | Militia |
| 10:40 | Age | Feudal Age |
| 10:42 | Research | Man-at-Arms (upgrade) |
| 10:44 | Build | Archery Range |
| 10:52 | Research | Double-Bit Axe |
| 10:54 | Queue | Villager (Male) |
| 11:02 | Build | House |
| 11:09 | Build | Farm |
| 11:31 | Build | Palisade Wall |
| 11:36 | Queue | Archer |
| 11:38 | Queue | Villager (Male) |
| 11:48 | Queue | Archer |
| 11:58 | Build | Farm |
| 11:59 | Queue | Villager (Male) |
| 12:14 | Queue | Archer |
| 12:14 | Queue | Villager (Male) |
| 12:15 | Build | Farm |
| 12:28 | Build | Blacksmith |
| 12:30 | Build | Farm |
| 12:34 | Queue | Archer |
| 12:37 | Queue | Villager (Male) |
| 13:00 | Build | Farm |
| 13:01 | Build | Farm |
| 13:05 | Queue | Archer |
| 13:12 | Build | Farm |
| 13:22 | Queue | Archer |
| 13:22 | Queue | Villager (Male) |
| 13:36 | Research | Fletching |
| 13:55 | Build | Farm |
| 13:58 | Build | Farm |
| 13:58 | Queue | Villager (Male) |
| 14:03 | Build | Farm |
| 14:11 | Queue | Archer |
| 14:12 | Queue | Villager (Male) |
| 14:26 | Build | House |
| 14:32 | Research | Arson |
| 14:53 | Queue | Archer |
| 14:53 | Queue | Militia |
| 14:54 | Queue | Villager (Male) |
| 14:55 | Build | Farm |
| 15:14 | Queue | Archer |
| 15:21 | Queue | Villager (Male) |
| 15:37 | Queue | Archer |
| 15:40 | Queue | Villager (Male) |
| 15:49 | Research | Scale Mail Armor |
| 15:51 | Build | House |
| 15:52 | Build | Farm |
| 15:54 | Build | Farm |
| 16:14 | Queue | Archer |
| 16:15 | Queue | Villager (Male) |
| 16:20 | Queue | Villager (Male) |
| 16:26 | Build | House |
| 16:29 | Queue | Archer |
| 16:30 | Queue | Militia |
| 16:31 | Queue | Villager (Male) |
| 16:38 | Build | House |
| 16:41 | Build | Palisade Wall |
| 16:47 | Build | Market |
| 16:56 | Queue | Archer |
| 16:57 | Queue | Villager (Male) |
| 17:00 | Queue | Villager (Male) |
| 17:20 | Queue | Villager (Male) |
| 17:23 | Build | Lumber Camp |
| 17:46 | Build | Farm |
| 18:25 | Research | Castle Age |
| 18:27 | Queue | Archer |
| 19:13 | Queue | Militia |
| 19:17 | Research | Padded Archer Armor |
| 19:23 | Build | Archery Range |
| 19:47 | Queue | Archer |
| 19:48 | Queue | Villager (Male) |
| 19:53 | Queue | Archer |
| 19:58 | Queue | Villager (Male) |
| 20:00 | Queue | Villager (Male) |
| 20:12 | Queue | Archer |
| 20:21 | Queue | Archer |
| 20:22 | Queue | Archer |
| 20:23 | Build | Farm |
| 20:27 | Research | Horse Collar |
| 20:27 | Research | Horse Collar |
| 20:27 | Research | Gold Mining |
| 20:56 | Queue | Villager (Male) |
| 21:02 | Queue | Archer |
| 21:05 | Age | Castle Age |
| 21:15 | Research | Crossbowman (upgrade) |
| 21:20 | Research | Bodkin Arrow |
| 21:31 | Queue | Villager (Male) |
| 21:39 | Build | University |
| 21:41 | Build | House |
| 21:42 | Build | House |
| 22:02 | Queue | Villager (Male) |
| 22:03 | Build | House |
| 22:04 | Build | House |
| 22:07 | Queue | Archer |
| 22:08 | Queue | Villager (Male) |
| 22:23 | Research | Long Swordsman (upgrade) |
Match timeline
| 4:27 | Shulk · first_building Barracks |
| 4:36 | Macluffy · first_building Barracks |
| 5:10 | Macluffy · wall_segment Palisade Wall x6 |
| 5:14 | Macluffy · wall_segment Palisade Wall x1 |
| 6:34 | Macluffy · wall_segment Palisade Wall x4 |
| 6:43 | Macluffy · wall_segment Palisade Wall x1 |
| 7:02 | Shulk · wall_segment Palisade Wall x1 |
| 7:03 | Shulk · wall_segment Palisade Wall x1 |
| 7:05 | Shulk · wall_segment Palisade Wall x1 |
| 7:11 | Macluffy · wall_segment Palisade Wall x1 |
| 7:12 | Macluffy · wall_segment Palisade Wall x1 |
| 7:20 | Macluffy · wall_segment Palisade Wall x1 |
| 7:21 | Macluffy · wall_segment Palisade Wall x1 |
| 7:21 | Macluffy · wall_segment Palisade Wall x1 |
| 7:21 | Macluffy · wall_segment Palisade Wall x1 |
| 7:33 | Macluffy · wall_segment Palisade Wall x7 |
| 9:01 | Macluffy · wall_segment Palisade Wall x7 |
| 9:05 | Macluffy · wall_segment Palisade Wall x1 |
| 9:06 | Macluffy · wall_segment Palisade Wall x1 |
| 9:06 | Macluffy · wall_segment Palisade Wall x1 |
| 9:07 | Macluffy · wall_segment Palisade Wall x1 |
| 9:09 | Shulk · wall_segment Palisade Wall x1 |
| 9:11 | Macluffy · wall_segment Palisade Wall x10 |
| 9:12 | Shulk · wall_segment Palisade Wall x1 |
| 9:47 | Macluffy · wall_segment Palisade Wall x1 |
| 9:52 | Shulk · wall_segment Palisade Wall x1 |
| 10:18 | Shulk · wall_segment Palisade Wall x1 |
| 10:19 | Shulk · wall_segment Palisade Wall x1 |
| 10:40 | Macluffy · age_up feudal |
| 10:44 | Macluffy · first_building Archery Range |
| 10:56 | Shulk · age_up feudal |
| 10:57 | Shulk · first_building Archery Range |
| 11:31 | Macluffy · wall_segment Palisade Wall x1 |
| 14:36 | Shulk · wall_segment Palisade Wall x5 |
| 16:41 | Macluffy · wall_segment Palisade Wall x1 |
| 16:45 | Shulk · first_market_sell 100 wood |
| 16:46 | Shulk · first_market_buy 100 food |
| 18:03 | Macluffy · first_market_sell 100 stone |
| 18:03 | Macluffy · first_market_buy 100 food |
| 20:16 | Shulk · age_up castle |
| 21:05 | Macluffy · age_up castle |
| 24:08 | Shulk · resign |
[ AI ANALYSIS · 1 CREDIT ]
What really happened in this match?
Wolo.gg analyzes every decision: build order, eco, micro, common mistakes by bracket. Personalized analysis on WhatsApp or Discord in 30 seconds.
Civ guide
Mapuche
Perfil
Jugador #289473